 Dungeon Crawl Stone Soup version 0.19.1 (webtiles) character file.

9 KingBobo974 the Grasshopper (level 2, 0/15 HPs)
             Began as a Spriggan Warper on Dec 10, 2016.
             Slain by a kobold
             ... wielding a +0 whip
              (3 damage)
             ... on level 1 of the Dungeon.
             The game lasted 00:02:29 (185 turns).

KingBobo974 the Grasshopper (Spriggan Warper)        Turns: 185, Time: 00:02:30

Health: 0/15       AC:  2    Str:  7    XL:     2   Next: 3%
Magic:  6/6        EV: 18    Int: 14    God:
Gold:   11         SH:  0    Dex: 13    Spells: 0 memorised, 6 levels left

rFire  . . .     SeeInvis +     e - -3 short sword (curse)
rCold  . . .     Gourm    .     b - +0 robe
rNeg   . . .     Faith    .     (shield restricted)
rPois  .         Spirit   .     (helmet restricted)
rElec  .         Reflect  .     (no cloak)
rCorr  .         Harm     .     (gloves unavailable)
MR     .....                    (boots unavailable)
Stlth  +.........               (no amulet)
                                (no ring)
                                (no ring)

@: very quick
A: unfitting armour, see invisible, clumsy 1, herbivore 3, speed 3, slow
regeneration 1, slow metabolism 2, evolution 1, subdued magic 1
a: no special abilities


You were on level 1 of the Dungeon.
You were not hungry.

You visited 1 branch of the dungeon, and saw 1 of its levels.

You collected 11 gold pieces.

Inventory:

Hand Weapons
 a - a +0 short sword
 e - a cursed -3 short sword (weapon)
Armour
 b - a +0 robe (worn)
Scrolls
 d - a scroll of blinking
Books
 c - a book of Spatial Translocations

   Spells                             Type                      Level
   a - Blink                          Translocation                2
   b - Shroud of Golubria             Charms/Translocation         2
   c - Lesser Beckoning               Translocation                3
   d - Portal Projectile              Translocation                3
   e - Teleport Other                 Translocation                3
   f - Passage of Golubria            Translocation                4
Comestibles
 f - a bread ration


   Skills:
 + Level 1.7 Fighting
 + Level 2.3 Short Blades
 + Level 1.1 Throwing
 * Level 3.9 Dodging
 * Level 2.9 Spellcasting
   Level 4.4 Translocations


You had 6 spell levels left.
You didn't know any spells.

Dungeon Overview and Level Annotations

Branches:
Dungeon (1/15)

Altars:


Innate Abilities, Weirdness & Mutations

You are very small and have problems with some larger weapons.
You are too small for most types of armour.
You have supernaturally acute eyesight. (SInv)
You are a herbivore.
You cover ground extremely quickly.
You need consume almost no food.
You are clumsy. (Dex -2)
You regenerate slowly when monsters are visible.
You evolve.
Your spells are a little easier to cast, but a little less powerful.


Message History

The bat completely misses you. The bat misses you. The bat misses you.
The bat hits you but does no damage. The bat closely misses you.
The bat barely misses you. The bat barely misses you.
The bat completely misses you.
You hit the bat.
You kill the bat!
The bat closely misses you.
The kobold throws a stone.
The stone barely misses you.
You see here a bat corpse.
You barely miss the bat.
The bat is moderately wounded.
The bat misses you.
The kobold throws a stone.
The stone closely misses you. The bat misses you.
The bat completely misses you. The bat barely misses you.
You closely miss the kobold. The bat closely misses you.
The kobold closely misses you.
You hit the kobold but do no damage. The bat hits you but does no damage.
The kobold hits you with a whip.
You die...

........# #.#
....#...#####.######
#.................#
...............>.#
#....>........?.#
..##..b............#
..?................#
......K@..†(.......#
...................#####
................>......#
.......................#
.......................#
..>.......#..###.......#
.............###.......#
....................####
...#........#.#####.##


You could see a bat and a kobold.

Vanquished Creatures
  A leopard gecko (D:1)
  A giant cockroach (D:1)
  A goblin (D:1)
  A hobgoblin (D:1)
  A kobold (D:1)
  A bat (D:1)
  A frilled lizard (D:1)
7 creatures vanquished.

Notes
Turn   | Place    | Note
-------+----------+-------------------------------------------
     0 | D:1      | KingBobo974 the Spriggan Warper began the quest for the Orb.
     0 | D:1      | Reached XP level 1. HP: 10/10 MP: 5/5
   143 | D:1      | Reached XP level 2. HP: 2/15 MP: 6/6
   147 | D:1      | Gained mutation: You are clumsy. (Dex -2) [potion of mutation]
   147 | D:1      | Gained mutation: You evolve. [potion of mutation]
   147 | D:1      | Gained mutation: Your spells are a little easier to cast, but a little less powerful. [potion of mutation]
   148 | D:1      | Gained mutation: You regenerate slowly when monsters are visible. [potion of mutation]
   185 | D:1      | Slain by a kobold

Action                   || total
-------------------------++-------
Melee: Short sword       ||    38
Throw: Tomahawk          ||     5
  Use: Potion            ||     2
 Stab: Sleeping          ||     1
Armor: Robe              ||     7
Dodge: Dodged            ||    44
